 Dungeon Crawl Stone Soup version 0.19-a0-1889-g9c603be (webtiles) character file.

293 Lochraine the Vexing (level 6, -3/28 HPs)
             Began as a Spriggan Enchanter on Oct 17, 2016.
             Slain by Crazy Yiuf
             ... wielding a +3 quarterstaff of chaos
              (6 damage)
             ... on level 3 of the Dungeon.
             The game lasted 00:15:24 (3194 turns).

Lochraine the Vexing (Spriggan Enchanter)           Turns: 3194, Time: 00:15:25

Health: -3/28      AC:  4    Str:  5    XL:     6   Next: 11%
Magic:  5/11       EV: 19    Int: 17    God:
Gold:   133        SH:  0    Dex: 17    Spells: 4 memorised, 2 levels left

rFire  . . .     SeeInvis +     b - +2 short sword (freeze)
rCold  . . .     Gourm    .     n - +1 robe
rNeg   . . .     Faith    .     (shield restricted)
rPois  .         Spirit   .     (helmet restricted)
rElec  .         Reflect  .     v - +0 cloak
rCorr  .         Harm     .     (gloves unavailable)
MR     +....                    (boots unavailable)
Stlth  +++.......               (no amulet)
                                (no ring)
                                (no ring)

@: lethally poisoned (-3 -> -11), very quick
A: unfitting armour, see invisible, herbivore 3, speed 3, slow metabolism 2
a: no special abilities


You were on level 3 of the Dungeon.
You were full.

You visited 1 branch of the dungeon, and saw 3 of its levels.

You collected 133 gold pieces.

Inventory:

Hand Weapons
 a - a +1 dagger
 b - a +2 short sword of freezing (weapon)
Missiles
 g - 53 stones (quivered)
 s - 4 tomahawks
Armour
 n - a +1 robe (worn)
 v - a +0 cloak (worn)
Scrolls
 e - 2 scrolls of teleportation
 f - a scroll of random uselessness {unknown}
 h - 2 scrolls of enchant weapon
 i - a scroll of noise {unknown}
 j - a scroll of fog {unknown}
 k - 2 scrolls of amnesia {unknown}
 l - a scroll of immolation {unknown}
 q - a scroll of blinking {unknown}
 r - a scroll of magic mapping {unknown}
 u - a scroll of identify
Potions
 m - a potion of might
 o - a potion of curing
 p - 4 potions of flight {unknown}
 t - a potion of cancellation {unknown}
Books
 c - a book of Maledictions

   Spells                             Type                      Level
   a - Corona                         Hexes                        1
   b - Ensorcelled Hibernation        Hexes/Ice                    2
   c - Confuse                        Hexes                        3
   d - Tukima's Dance                 Hexes                        3
   e - Dazzling Spray                 Conjuration/Hexes            3
Comestibles
 d - 5 bread rations


   Skills:
 + Level 2.0 Short Blades
 - Level 4.0 Dodging
 - Level 5.1 Stealth
 - Level 3.0 Spellcasting
 - Level 6.4 Hexes
 - Level 2.0 Ice Magic


You had 2 spell levels left.
You knew the following spells:

 Your Spells              Type           Power        Failure   Level  Hunger
a - Corona                Hex            ###....      1%          1    None
b - Ensorcelled Hibernat  Hex/Ice        ###...       4%          2    ##.....
c - Confuse               Hex            ###.....     4%          3    ###....
d - Tukima's Dance        Hex            ###.....     4%          3    ###....


Dungeon Overview and Level Annotations

Branches:
Dungeon (3/15)

Altars:
Ashenzari

Annotations:
D:3 Crazy Yiuf


Innate Abilities, Weirdness & Mutations

You are very small and have problems with some larger weapons.
You are too small for most types of armour.
You have supernaturally acute eyesight. (SInv)
You are a herbivore.
You cover ground extremely quickly.
You need consume almost no food.


Message History

You feel sick.
Crazy Yiuf drinks a potion.
Crazy Yiuf is healed!
Casting: Ensorcelled Hibernation
Confirm with . or Enter, or press ? or * to list all spells.
Aiming: Ensorcelled Hibernation
Press: ? - help, Shift-Dir - straight line, f/p - Crazy Yiuf
Aim: Crazy Yiuf, wielding a quarterstaff of chaos and wearing a cloak (heavily wounded, chance to defeat MR: 56%) Crazy Yiuf resists with significant effort.
You feel sick.
Crazy Yiuf hits you with a quarterstaff of chaos!
* * * LOW HITPOINT WARNING * * *
Casting: Ensorcelled Hibernation
Confirm with . or Enter, or press ? or * to list all spells.
Aiming: Ensorcelled Hibernation
Press: ? - help, Shift-Dir - straight line, f/p - Crazy Yiuf
Aim: Crazy Yiuf, wielding a quarterstaff of chaos and wearing a cloak (heavily wounded, chance to defeat MR: 56%) Crazy Yiuf resists with significant effort.
* * * LOW HITPOINT WARNING * * *
You feel sick.
Crazy Yiuf hits you with a quarterstaff of chaos.
You die...

...................#........#
...##......%....##..........#
#####.###.......#...........#
## ### #############.......#
.##### #.......# .##..#
#.†.....# .#...#### #####
#).###### .....#.P## ###..)#
#.>#### .........####.'.@g#
#.....### .##....P..#..##...#
#.###...# ##
.....#...#.######## #...###.#
#. .....####### #.#.....####.
.#.### #.####....... .....##
######.# ##.####. ......#
#......# #...##. ......#
#......# #...##. .)....#
#......# #...###


You could see Crazy Yiuf.

Vanquished Creatures
  An orc priest (D:3)
  Jessica (D:2)
  3 adders (D:3)
  A worm (D:2)
  3 dart slugs
  2 leopard geckos
  8 orcs
  9 bats
  3 giant cockroaches
  2 goblins
  5 hobgoblins
  6 jackals (D:1)
  5 kobolds
  A quokka (D:3)
  A ball python (D:2)
  A frilled lizard (D:2)
  9 rats
61 creatures vanquished.

Vanquished Creatures (collateral kills)
  Sigmund (D:3)
1 creature vanquished.

Grand Total: 62 creatures vanquished

Notes
Turn   | Place    | Note
-------+----------+-------------------------------------------
     0 | D:1      | Lochraine the Spriggan Enchanter began the quest for the Orb.
     0 | D:1      | Reached XP level 1. HP: 9/9 MP: 5/5
    62 | D:1      | Found a shattered altar of Ashenzari.
   479 | D:2      | Reached XP level 2. HP: 13/13 MP: 7/7
   486 | D:2      | Learned a level 2 spell: Ensorcelled Hibernation
   694 | D:2      | Reached skill level 4 in Hexes
  1004 | D:2      | Reached skill level 5 in Stealth
  1068 | D:2      | Noticed Jessica
  1084 | D:2      | Killed Jessica
  1084 | D:2      | Reached skill level 5 in Hexes
  1084 | D:2      | Reached XP level 3. HP: 16/16 MP: 1/8
  1217 | D:2      | Learned a level 3 spell: Confuse
  1605 | D:1      | Reached XP level 4. HP: 16/21 MP: 9/9
  2335 | D:3      | Noticed Sigmund
  2345 | D:3      | Learned a level 3 spell: Tukima's Dance
  2354 | D:3      | Killed Sigmund
  2354 | D:3      | Reached skill level 6 in Hexes
  2354 | D:3      | Reached XP level 5. HP: 22/24 MP: 1/10
  2734 | D:3      | Found a runed door.
  3081 | D:3      | Reached XP level 6. HP: 26/28 MP: 6/11
  3186 | D:3      | Noticed Crazy Yiuf
  3194 | D:3      | Slain by Crazy Yiuf

Vault maps used:
D:1:      dpeg_arrival_concentric_ovals, ashenzari_altar_1
D:2:      uniq_jessica
D:3:      first_bread, minmay_bisected, uniq_crazy_yiuf_cottage, uniq_sigmund

Skill      XL: |  1  2  3  4  5  6 |
---------------+-------------------+-----
Spellcasting   | 3 |  3.0
Hexes          | 5 6 |  6.4
Stealth        | 5 |  5.1
Ice Magic      | 2 |  2.0
Dodging        | 4 |  4.0
Short Blades   | 2 |  2.0

Action                   |  1- 3 |  4- 6 || total
-------------------------+-------+-------++-------
Melee: Dagger            |    74 |     1 ||    75
       Short sword       |    33 |   103 ||   136
Throw: Stone             |       |     1 ||     1
 Cast: Corona            |     4 |       ||     4
       Ensorcelled Hiber |     8 |    21 ||    29
       Confuse           |       |     1 ||     1
       Tukima's Dance    |       |     1 ||     1
  Use: Scroll            |     1 |     4 ||     5
       Potion            |       |     1 ||     1
 Stab: Sleeping          |    15 |     9 ||    24
  Eat: Bread ration      |       |     1 ||     1
Armor: Robe              |    15 |    20 ||    35
Dodge: Dodged            |    75 |   117 ||   192
